 Dungeon Crawl Stone Soup version 0.18-a0-846-g91b95b1 (webtiles) character file.

200 tof the Cudgeler (level 5, 0/53 HPs)
             Began as an Ogre Skald on Dec 20, 2015.
             Slain by an orc wizard
             ... wielding a +0 dagger
              (2 damage)
             ... on level 4 of the Dungeon.
             The game lasted 00:11:09 (3354 turns).

tof the Cudgeler (Ogre Skald)                       Turns: 3354, Time: 00:11:09

Health: 0/53       AC:  3    Str: 17    XL:     5   Next: 79%
Magic:  2/9        EV: 15    Int: 11    God:
Gold:   181        SH:  0    Dex: 10    Spells: 2 memorised, 7 levels left

rFire  . . .     SeeInvis .     a - +0 mace
rCold  . . .     Gourm    .     b - +0 robe
rNeg   . . .     Faith    .     (no shield)
rPois  .         Spirit   .     (helmet restricted)
rElec  .         Dismiss  .     (no cloak)
rCorr  .         Reflect  .     (gloves unavailable)
SustAt .         Harm     .     (boots unavailable)
MR     .....                    (no amulet)
Stlth  +.........               r - +5 ring of evasion
                                j - ring of wizardry

@: lethally poisoned (0 -> -1), not resistant to hostile enchantments, very
unstealthy
A: unfitting armour, tough skin 1
a: no special abilities


You were on level 4 of the Dungeon.
You were not hungry.

You visited 1 branch of the dungeon, and saw 4 of its levels.

You collected 181 gold pieces.

Inventory:

Hand Weapons
 a - a +0 mace (weapon)
Armour
 b - a +0 robe (worn)
Jewellery
 j - a ring of wizardry (left hand)
 r - a +5 ring of evasion (right hand)
Scrolls
 e - 4 scrolls of identify {unknown}
 f - a scroll of enchant armour {unknown}
 h - 2 scrolls of recharging {unknown}
 l - 2 scrolls of blinking {unknown}
 m - a scroll of amnesia {unknown}
 o - 2 scrolls of teleportation {unknown}
Potions
 p - a potion of poison {unknown}
 q - a potion of magic {unknown}
 s - a potion of agility {unknown}
 t - a potion of mutation {unknown}
Books
 c - a book of Battle

   Spells                             Type                      Level
   a - Infusion                       Charms                       1
   b - Shroud of Golubria             Charms/Translocation         2
   c - Song of Slaying                Charms                       2
   d - Spectral Weapon                Hexes/Charms                 3
   e - Regeneration                   Charms/Necromancy            3
Comestibles
 d - 3 bread rations
 g - a beef jerky
 i - 3 chunks of flesh
 k - 2 meat rations
 n - 2 royal jellies


   Skills:
 + Level 3.5 Fighting
 + Level 3.6 Maces & Flails
 + Level 3.2 Dodging
 + Level 0.1 Stealth
 + Level 3.3 Spellcasting
 + Level 2.7 Charms
 + Level 0.8 Translocations


You had 7 spell levels left.
You knew the following spells:

 Your Spells              Type           Power        Failure   Level  Hunger
a - Infusion              Chrm           #.....       4%          1    #......
b - Shroud of Golubria    Chrm/Tloc      #.........   9%          2    ###....


Dungeon Overview and Level Annotations

Branches:
Dungeon (4/15)
 Temple: D:4-7

Altars:


Innate Abilities, Weirdness & Mutations

You are too large for most types of armour.
You have tough skin (AC +1).


Message History

Confirm with . or Enter, or press ? or * to list all spells.
You don't have enough magic to cast that spell.
You feel sick.
The worker ant waves its antennae.
You feel sick.
You hear some strange, mumbled words.
You feel sick.
A puff of frost appears from out of thin air!
The puff of frost hits you!
* * * LOW HITPOINT WARNING * * *
You feel sick.
A magic dart appears from out of thin air!
The magic dart hits you!
* * * LOW HITPOINT WARNING * * *
You feel sick. Something hits you.
* * * LOW HITPOINT WARNING * * *
* * * LOW HITPOINT WARNING * * *
You feel sick. Something hits you.
You die...

#############
##...<.#.....##
##.............#
########.......<...>...
#............(.........
#.....#####............
#........[#...........#
#....>#####............
#...[..........@......#
#........#...........##
#........######a##..##
.. #........# #.# #.#
#.. ######(### #o#
##... #.#### #.# ....#
#....# #.# #....#
####.# #.###......
#.#####.#)....#


You could see a worker ant and an orc.

Vanquished Creatures
  2 hounds (D:4)
  A worker ant (D:3)
  A hound skeleton (D:4)
  2 adders
  An ooze (D:3)
  A worm (D:4)
  A giant gecko (D:1)
  11 orcs
  2 bats (D:3)
  2 giant cockroaches (D:2)
  7 goblins
  7 hobgoblins
  7 kobolds
  2 ball pythons (D:3)
  3 giant newts
  8 jackals
  2 quokkas (D:3)
  5 rats
65 creatures vanquished.

Notes
Turn   | Place    | Note
--------------------------------------------------------------
     0 | D:1      | tof the Ogre Skald began the quest for the Orb.
     0 | D:1      | Reached XP level 1. HP: 22/22 MP: 3/3
   299 | D:1      | Reached skill level 3 in Maces & Flails
   400 | D:1      | Reached XP level 2. HP: 29/29 MP: 5/5
   404 | D:1      | Learned a level 2 spell: Shroud of Golubria
  1033 | D:2      | Reached XP level 3. HP: 28/36 MP: 1/7
  1847 | D:3      | Reached XP level 4. HP: 43/45 MP: 2/8
  3119 | D:4      | Reached XP level 5. HP: 44/53 MP: 2/9
  3354 | D:4      | HP: 2/53 [poisoned by a worker ant]
  3354 | D:4      | Slain by an orc wizard

Vault maps used:
D:1:      evilmike_arrival_hilbert_curve, feat_on_display
D:3:      corexii_shack_village, kennysheep_doodads, serial_bayou_ford_a
D:4:      cheibriados_altar_wand_db, serial_shops, kennysheep_mini_moat,
          minmay_item_behind_shaft, nicolae_ru_awakened_eye

Action                   |  1- 3 |  4- 6 || total
-------------------------+-------+-------++-------
Melee: Mace              |   134 |   145 ||   279
 Cast: Infusion          |     5 |    15 ||    20
       Shroud of Golubri |    13 |    20 ||    33
  Eat: Chunk             |     3 |     7 ||    10
       Fruit             |     1 |       ||     1
